 Dungeon Crawl Stone Soup version 0.18-a0-5-gf1fb587 (webtiles) character file.

829 tp1 the Thaumaturge (level 7, -6/36 HPs)
             Began as a Deep Elf Fire Elementalist on Oct 31, 2015.
             Was a Believer of Vehumet.
             Mangled by a mummy (13 damage)
             ... in an ossuary.
             The game lasted 00:30:01 (5025 turns).

tp1 the Thaumaturge (Deep Elf Fire Elementalist)    Turns: 5025, Time: 00:30:02

Health: -6/36      AC:  3    Str: 10    XL:     7   Next: 65%
Magic:  3/22       EV: 13    Int: 22    God:    Vehumet [**....]
Gold:   193        SH:  0    Dex: 15    Spells: 2 memorised, 22 levels left

rFire  . . .     SeeInvis .     l - +2 dagger (venom)
rCold  . . .     Clarity  .     a - +0 robe
rNeg   . . .     SustAt   .     (no shield)
rPois  .         Gourm    +     (no helmet)
rElec  .         Spirit   .     o - +0 cloak (curse)
rCorr  .         Warding  .     (no gloves)
rMut   .         Stasis   .     (no boots)
MR     .....                    v - amulet of the gourmand
Stlth  ++........               (no ring)
                                (no ring)

@: mighty, marked, not resistant to hostile enchantments, unstealthy
A: spit poison 1
a: Spit Poison, Renounce Religion


You were in an ossuary.
You worshipped Vehumet.
Vehumet was pleased with you.
You were completely stuffed.

You visited 1 branch of the dungeon, and saw 4 of its levels.
You also visited: Ossuary.

You collected 193 gold pieces.

Inventory:

Hand Weapons
 l - a +2 dagger of venom (weapon)
Armour
 a - a +0 robe (worn)
 o - a cursed +0 cloak (worn)
 A - a +2 robe of positive energy
Jewellery
 v - an amulet of the gourmand (around neck)
 w - an uncursed ring of poison resistance {unknown}
Wands
 y - a wand of frost (24)
Scrolls
 e - 2 scrolls of fear {unknown}
 f - 3 scrolls of identify {unknown}
 g - 5 scrolls of teleportation {unknown}
 m - a scroll of enchant weapon {unknown}
 n - 2 scrolls of remove curse {unknown}
 r - a scroll of noise {unknown}
 E - a scroll of random uselessness {unknown}
Potions
 i - a potion of mutation {unknown}
 j - a potion of might
 k - a potion of degeneration {unknown}
 p - a potion of magic {unknown}
 q - a potion of invisibility
 s - a potion of flight {unknown}
 t - a potion of beneficial mutation
 u - a potion of cancellation {unknown}
 x - a potion of berserk rage {unknown}
 z - a potion of agility {unknown}
Books
 b - a book of Flames

   Spells                             Type                      Level
   a - Flame Tongue                   Conjuration/Fire             1
   b - Throw Flame                    Conjuration/Fire             2
   c - Conjure Flame                  Conjuration/Fire             3
   d - Inner Flame                    Hexes/Fire                   3
   e - Sticky Flame                   Conjuration/Fire             4
   f - Fireball                       Conjuration/Fire             5
Comestibles
 c - 2 bread rations
 d - 2 meat rations
 B - 2 fruits
 C - 4 chunks of flesh
 D - a slice of pizza


   Skills:
 - Level 2.4 Dodging
 - Level 2.4 Stealth
 + Level 10.2 Spellcasting
 - Level 4.0 Conjurations
 - Level 4.0 Fire Magic


You had 22 spell levels left.
You knew the following spells:

 Your Spells              Type           Power        Failure   Level  Hunger
a - Flame Tongue          Conj/Fire      ####.        1%          1    None
b - Conjure Flame         Conj/Fire      ####....     3%          3    None


Dungeon Overview and Level Annotations

Branches:
Dungeon (4/15)
 Temple: D:4-7

Altars:
Makhleb
Vehumet
Zin
The Shining One

Annotations:
D:4 Natasha


Innate Abilities, Weirdness & Mutations

You can spit weak poison.


Message History

Press: ? - help, Shift-Dir - straight line, f - gnoll zombie
Aim: a gnoll zombie (flame)
Okay, then.
Drink which item? (? for menu, Esc to quit)
Okay, then.
You barely miss the mummy.
The mummy is lightly damaged.
The gnoll zombie is engulfed in roaring flames.
You destroy the gnoll zombie!
Vehumet accepts your kill.
You feel your power returning.
Casting: Flame Tongue
Confirm with . or Enter, or press ? or * to list all spells.
Aiming: Flame Tongue
Press: ? - help, Shift-Dir - straight line, f - mummy
Aim: a mummy (lightly damaged)
The flame tongue hits the mummy.
The mummy is burned terribly!
The mummy is moderately damaged.
The mummy hits you!
You die...

##...... ##......
### #......##..##
..
#.....##....##M..
#...............M
#..............Z
#MZ...........
#ยง##.....M..#
##@M##......#
##....##....##
#?.....#....#
#$......#....#
#$.!....#....#
#$$.....#....#
##$.!...#....#
#$$!..##....#
##$?..##....#


You could see 2 mummies and a hobgoblin zombie.

Vanquished Creatures
  The ghost of kae the Poker, an amateur NaFi (Ossuary)
  Sigmund (D:4)
  An iguana (D:4)
  2 orc wizards (D:4)
  2 orc priests (D:4)
  3 worker ants (D:4)
  A big kobold zombie (Ossuary)
  6 mummies (Ossuary)
  4 adders
  4 worms
  A giant gecko (D:2)
  13 orcs
  3 ball pythons
  3 bats
  3 giant cockroaches
  6 goblins
  7 hobgoblins
  9 kobolds
  2 quokkas
  A giant gecko skeleton (D:4)
  8 giant newts
  A gnoll zombie (Ossuary)
  A hobgoblin zombie (Ossuary)
  12 jackals
  2 kobold zombies (Ossuary)
  2 orc zombies (Ossuary)
  4 rats
103 creatures vanquished.

Notes
Turn   | Place    | Note
--------------------------------------------------------------
     0 | D:1      | tp1 the Deep Elf Fire Elementalist began the quest for the Orb.
     0 | D:1      | Reached XP level 1. HP: 10/10 MP: 6/6
   243 | D:1      | Reached skill level 4 in Spellcasting
   243 | D:1      | Reached XP level 2. HP: 15/15 MP: 7/9
  1548 | D:2      | Found a radiant altar of Vehumet.
  1555 | D:2      | Became a worshipper of Vehumet
  1722 | D:2      | Reached XP level 3. HP: 19/19 MP: 7/10
  2029 | D:2      | Found a glowing golden altar of the Shining One.
  2428 | D:2      | Found a radiant altar of Vehumet.
  2482 | D:2      | Found a glowing golden altar of the Shining One.
  2999 | D:3      | Learned a level 3 spell: Conjure Flame
  3275 | D:3      | Reached XP level 4. HP: 24/24 MP: 8/12
  3495 | D:3      | Reached * piety under Vehumet
  3495 | D:3      | Offered knowledge of Shock by Vehumet.
  3613 | D:3      | Found a burning altar of Makhleb.
  3615 | D:3      | Found a glowing silver altar of Zin.
  3615 | D:3      | Noticed an angel
  3615 | D:3      | Noticed a cacodemon
  4143 | D:4      | Reached XP level 5. HP: 23/28 MP: 8/13
  4290 | D:4      | Reached skill level 5 in Spellcasting
  4295 | D:4      | Reached skill level 6 in Spellcasting
  4515 | D:4      | Noticed Sigmund
  4523 | D:4      | Reached XP level 6. HP: 26/32 MP: 9/17
  4734 | D:4      | Killed Sigmund
  4734 | D:4      | Reached skill level 8 in Spellcasting
  4831 | D:4      | Offered knowledge of Sandblast by Vehumet.
  4869 | D:4      | Noticed Natasha
  4871 | D:4      | Found a sand-covered staircase.
  4876 | Ossuary  | Entered an ossuary
  4882 | Ossuary  | Reached ** piety under Vehumet
  4887 | Ossuary  | Noticed kae's ghost (amateur NaFi)
  4898 | Ossuary  | Reached XP level 7. HP: 36/36 MP: 13/21
  5007 | Ossuary  | Reached skill level 9 in Spellcasting
  5016 | Ossuary  | Killed kae's ghost
  5016 | Ossuary  | Reached skill level 10 in Spellcasting
  5019 | Ossuary  | Gained mutation: You can spit weak poison. [potion of beneficial mutation]
  5025 | Ossuary  | Mangled by a mummy

Vault maps used:
D:1:      co_arrival_random_square_maze
D:2:      nicolae_overflow_crystal_walls, tso_altar
D:3:      kennysheep_six_static_rooms, grunt_temple_overflow_order_and_chaos_2,
          nicolae_overflow_hidden_temple, minmay_fountain_box
D:4:      grunt_gozag_statues, enter_ossuary_2, hex_large, solitary_fountain,
          minmay_misc_feat_rows, grunt_ministairs_10, st_stairs_7,
          dk_vineyard_2, uniq_natasha, uniq_sigmund
Ossuary:  ossuary_tomb_3

Action                   |  1- 3 |  4- 6 |  7- 9 || total
-------------------------+-------+-------+-------++-------
Melee: Dagger            |     2 |    22 |     7 ||    31
 Cast: Flame Tongue      |    88 |    91 |    25 ||   204
       Conjure Flame     |     2 |     8 |     2 ||    12
  Use: Potion            |       |     1 |     3 ||     4
  Eat: Chunk             |    16 |     6 |       ||    22
